 Dungeon Crawl Stone Soup version 0.29.0-4-gdea44cf6ec (webtiles) character file.

Game seed: 6475890166831015835

43 qw the Caller (level 3, -1/29 HPs)
             Began as a Ghoul Summoner on Sept 9, 2022.
             Slain by Sigmund
             ... wielding a +0 scythe
              (10 damage)
             ... on level 2 of the Dungeon.
             The game lasted 00:00:51 (2534 turns).

qw the Caller (Ghoul Summoner)                      Turns: 2534, Time: 00:00:51

Health: -1/29      AC:  8    Str: 13    XL:     3   Next: 58%
Magic:  4/4        EV:  5    Int: 10    God:
Gold:   20         SH:  0    Dex:  9    Spells: 4/5 levels left

rFire   . . .      SeeInvis .   b - +0 hand axe
rCold   + . .      Faith    .   (no shield)
rNeg    + + +      Spirit   .   i - +0 chain mail
rPois   inf        Reflect  .   (no helmet)
rElec   .          Harm     .   (no cloak)
rCorr   .          Rampage  .   (no gloves)
Will    .....                   (no boots)
Stlth   ..........              (no amulet)
HPRegen 0.00/turn               (no ring)
MPRegen 0.09/turn               (no ring)

@: inhibited regen
A: claws 1, cold resistance 1, negative energy resistance 3, inhibited
regeneration, torment resistance 2, devour on kill
a: no special abilities


You were on level 2 of the Dungeon.
You visited 1 branch of the dungeon, and saw 2 of its levels.

You collected 107 gold pieces.
You spent 87 gold pieces at shops.


Innate Abilities, Weirdness & Mutations

You are immune to poison.
You have sharp fingernails.
Your flesh is cold resistant. (rC+)
You are immune to negative energy. (rN+++)
You do not regenerate when monsters are visible.
You are immune to unholy pain and torment.
You thrive by killing the living.


   Skills:
 - Level 2.0 Fighting
 + Level 2.0 Axes
 - Level 1.7 Dodging
 - Level 2.1 Stealth
 - Level 1.7 Spellcasting
 - Level 3.6 Summonings


You had 4 spell levels left.
You knew the following spells:

 Your Spells              Type           Power      Damage    Failure   Level
a - Summon Small Mammal   Summ           32%        N/A       95%         1

Your spell library contained the following spells:

 Spells                   Type           Power      Damage    Failure   Level
 Call Imp                 Summ           8%         N/A       99%         2
 Call Canine Familiar     Summ           8%         N/A       100%        3
 Summon Guardian Golem    Hex/Summ       4%         N/A       100%        3
 Summon Lightning Spire   Summ/Air       4%         N/A       100%        4

Inventory:

Hand Weapons
 b - a +0 hand axe (weapon)
 Y - a +0 mace
Armour
 i - a +0 chain mail (worn)
Potions
 a - a potion of heal wounds {unknown}
 f - a potion of might {unknown}
 h - a potion of curing {unknown}

Dungeon Overview and Level Annotations

Branches:
Dungeon (2/15)

Altars:

Shops:
D:2 :(

Annotations:
D:2 Sigmund


Message History

2520 ||| SWAPPING to +0 hand axe.
b - a +0 hand axe (weapon)
Sigmund the Dreaded comes into view.
He is wielding a +0 scythe.
Sigmund shouts!
You hear a shout!
A hobgoblin comes into view.
Found a ring mail.
Sigmund hits you with a +0 scythe!
You hit Sigmund.
Sigmund is lightly wounded.
You slash Sigmund!
Sigmund is moderately wounded.
Sigmund points at you and mumbles some strange words.
You resist with significant effort. Sigmund hits you but does no damage.
You hit Sigmund.
Sigmund is moderately wounded.
You hit Sigmund.
Sigmund is heavily wounded.
Sigmund gestures at you while chanting. The magic dart hits you!
Sigmund gestures at you while chanting.
You are confused.
You're too confused to move!
Sigmund hits you with a +0 scythe.
You barely miss Sigmund.
Sigmund is heavily wounded.
Sigmund closely misses you.
You bump into the rock wall.
Sigmund hits you but does no damage.
A bat comes into view.
You closely miss Sigmund.
Sigmund is heavily wounded.
You feel less confused. Sigmund barely misses you.
You closely miss Sigmund.
Sigmund is heavily wounded.
The bat hits you but does no damage. Sigmund hits you with a +0 scythe.
You hit Sigmund.
Sigmund is heavily wounded.
The bat hits you but does no damage. x2; Sigmund hits you with a +0 scythe!
You die...

#..#. ## ##
..#.####.. .#
........# .#
....##..# .# .
#..##..#####.# ..##
#.g........#.#
.....##@##.####.#.##
.[.$..b@..\........#
........##.####.####
#.#####......##.#
#.#######.#
#.#.......#
........#.#.#######
. ##.........#(#
.### #....#.# #.#.#
...##...... ..#.#


You could see Sigmund, a hobgoblin and a bat.

Vanquished Creatures
  An adder (D:2)
  A dart slug (D:1)
  A bat (D:1)
  4 endoplasms (D:1)
  2 giant cockroaches
  A goblin (D:1)
  4 hobgoblins
  3 jackals (D:1)
  A kobold (D:1)
  A quokka (D:1)
  A ball python (D:1)
  A frilled lizard (D:1)
  A rat (D:1)
22 creatures vanquished.

Vanquished Creatures (collateral kills)
  A goblin (D:1)
  A hobgoblin (D:1)
  A bat (D:1)
  3 frilled lizards (D:1)
6 creatures vanquished.

Grand Total: 28 creatures vanquished

Notes
Turn   | Place    | Note
-------+----------+-------------------------------------------
     0 | D:1      | qw the Ghoul Summoner began the quest for the Orb.
     0 | D:1      | Reached XP level 1. HP: 14/14 MP: 2/2
     0 | D:1      | 0 ||| qw: Version: 0.1-a-113-g051387a
     0 | D:1      | 0 ||| qw: Game counter: 7247
     0 | D:1      | 0 ||| qw: Always use a shield: true
     0 | D:1      | 0 ||| qw: God list: Okawaru
     0 | D:1      | 0 ||| qw: Allow faded altars: false
     0 | D:1      | 0 ||| qw: Do Orc after D:15 true
     0 | D:1      | 0 ||| qw: Do second Lair branch before Depths: true
     0 | D:1      | 0 ||| qw: Lair rune preference: random
     0 | D:1      | 0 ||| qw: Plans: Normal
     0 | D:1      | 0 ||| PLANNING D:1-11
    20 | D:1      | 20 ||| CASTING Summon Small Mammal
    22 | D:1      | 22 ||| CASTING Summon Small Mammal
    33 | D:1      | 33 ||| CASTING Summon Small Mammal
   104 | D:1      | 104 ||| Stepping ~*~*~tactically~*~*~ (stealth).
   105 | D:1      | 105 ||| Stepping ~*~*~tactically~*~*~ (stealth).
   114 | D:1      | 114 ||| CASTING Summon Small Mammal
   115 | D:1      | 115 ||| CASTING Summon Small Mammal
   328 | D:1      | 328 ||| Wielding weapon +0 club.
   389 | D:1      | 389 ||| CASTING Summon Small Mammal
   390 | D:1      | 390 ||| CASTING Summon Small Mammal
   392 | D:1      | Reached skill level 1 in Axes
   415 | D:1      | 415 ||| CASTING Summon Small Mammal
   416 | D:1      | 416 ||| CASTING Summon Small Mammal
   473 | D:1      | 473 ||| CASTING Summon Small Mammal
   474 | D:1      | 474 ||| CASTING Summon Small Mammal
   484 | D:1      | 484 ||| CASTING Summon Small Mammal
   488 | D:1      | Reached XP level 2. HP: 17/22 MP: 0/3
   563 | D:1      | 563 ||| CASTING Summon Small Mammal
   564 | D:1      | 564 ||| CASTING Summon Small Mammal
   565 | D:1      | 565 ||| CASTING Summon Small Mammal
   570 | D:1      | Reached skill level 1 in Fighting
   630 | D:1      | 630 ||| Stepping ~*~*~tactically~*~*~ (hiding).
   638 | D:1      | 638 ||| CASTING Summon Small Mammal
   639 | D:1      | 639 ||| CASTING Summon Small Mammal
   640 | D:1      | 640 ||| CASTING Summon Small Mammal
   775 | D:1      | 775 ||| CASTING Summon Small Mammal
   776 | D:1      | 776 ||| CASTING Summon Small Mammal
   777 | D:1      | 777 ||| CASTING Summon Small Mammal
   844 | D:1      | 844 ||| CASTING Summon Small Mammal
   845 | D:1      | 845 ||| CASTING Summon Small Mammal
   846 | D:1      | 846 ||| CASTING Summon Small Mammal
   856 | D:1      | 856 ||| CASTING Summon Small Mammal
   906 | D:1      | 906 ||| CASTING Summon Small Mammal
   907 | D:1      | 907 ||| CASTING Summon Small Mammal
   908 | D:1      | 908 ||| CASTING Summon Small Mammal
   918 | D:1      | 918 ||| CASTING Summon Small Mammal
  1034 | D:1      | 1034 ||| CASTING Summon Small Mammal
  1035 | D:1      | 1035 ||| CASTING Summon Small Mammal
  1036 | D:1      | 1036 ||| CASTING Summon Small Mammal
  1073 | D:1      | 1073 ||| CASTING Summon Small Mammal
  1074 | D:1      | 1074 ||| CASTING Summon Small Mammal
  1075 | D:1      | 1075 ||| CASTING Summon Small Mammal
  1122 | D:1      | 1122 ||| CASTING Summon Small Mammal
  1123 | D:1      | 1123 ||| CASTING Summon Small Mammal
  1124 | D:1      | 1124 ||| CASTING Summon Small Mammal
  1279 | D:1      | 1279 ||| CASTING Summon Small Mammal
  1280 | D:1      | 1280 ||| CASTING Summon Small Mammal
  1281 | D:1      | 1281 ||| CASTING Summon Small Mammal
  1320 | D:1      | 1320 ||| CASTING Summon Small Mammal
  1321 | D:1      | 1321 ||| CASTING Summon Small Mammal
  1322 | D:1      | 1322 ||| CASTING Summon Small Mammal
  1478 | D:1      | 1478 ||| CASTING Summon Small Mammal
  1479 | D:1      | 1479 ||| CASTING Summon Small Mammal
  1480 | D:1      | 1480 ||| CASTING Summon Small Mammal
  1530 | D:1      | 1530 ||| CASTING Summon Small Mammal
  1531 | D:1      | 1531 ||| CASTING Summon Small Mammal
  1532 | D:1      | 1532 ||| CASTING Summon Small Mammal
  1536 | D:1      | Reached XP level 3. HP: 28/28 MP: 0/4
  1584 | D:1      | 1584 ||| CASTING Summon Small Mammal
  1585 | D:1      | 1585 ||| CASTING Summon Small Mammal
  1586 | D:1      | 1586 ||| CASTING Summon Small Mammal
  1587 | D:1      | 1587 ||| CASTING Summon Small Mammal
  1595 | D:1      | 1595 ||| CASTING Summon Small Mammal
  1604 | D:1      | 1604 ||| CASTING Summon Small Mammal
  1607 | D:1      | HP: 7/28 [jackal (3)]
  1613 | D:1      | 1613 ||| CASTING Summon Small Mammal
  1616 | D:1      | HP: 6/28 [jackal (2)]
  1868 | D:1      | Found a faded altar of an unknown god.
  1869 | D:1      | 1869 ||| SWAPPING to +0 mace.
  1870 | D:1      | 1870 ||| DROPPING +0 club.
  2059 | D:1      | 2059 ||| UPGRADING to +0 ring mail.
  2069 | D:1      | 2069 ||| DROPPING +0 robe.
  2070 | D:1      | 2070 ||| UPGRADING to +0 chain mail.
  2080 | D:1      | 2080 ||| DROPPING +0 ring mail.
  2081 | D:1      | 2081 ||| READING scroll labelled MINUMO XOESO.
  2082 | D:1      | 2082 ||| READING scroll labelled FULUIM XEVI.
  2083 | D:1      | 2083 ||| READING scroll labelled AHYRAG ICLAYSK.
  2084 | D:1      | 2084 ||| DROPPING potion of magic.
  2277 | D:2      | Found Vuacze's Vocational Training.
  2509 | D:2      | Found Xaclorau's Antique Weapon Shop.
  2520 | D:2      | 2520 ||| BUYING hand axe (87 gold).
  2520 | D:2      | Bought a hand axe for 87 gold pieces
  2520 | D:2      | 2520 ||| SHOPLISTING runed hand axe (174 gold, have 20).
  2520 | D:2      | 2520 ||| SWAPPING to +0 hand axe.
  2521 | D:2      | Noticed Sigmund
  2534 | D:2      | Slain by Sigmund

Levels and vault maps discovered:
D:1:      wander_arrival_peaceful_grave, layout_loops_cross,
          shapermc_ecumenical_altar_petra
D:2:      layout_basic, serial_shops, shop, nicolae_shop_vocational,
          uniq_sigmund

Skill      XL: |  1  2  3 |
---------------+----------+-----
Axes           | 1 2 |  2.0
Fighting       | 1 2 |  2.0
Dodging        | |  1.7
Stealth        | |  2.1
Spellcasting   | |  1.7
Summonings     | |  3.6

Action                   || total
-------------------------++-------
Melee: Unarmed           ||    16
       Club              ||    76
       Punch             ||     1
       Mace              ||    37
       Hand axe          ||     8
 Cast: Summon Small Mamm ||    52
  Use: Scroll            ||     3
Armor: Robe              ||    13
       Chain mail        ||    33
Dodge: Dodged            ||    85

Table legend:
 A = Non-vault XP
 B = Vault XP
 C = Vault XP percentage of total XP
 D = Non-vault monster count
 E = Vault monster count
 F = Vault count percentage of total count
                 A         B        C        D         E       F
            +---------+---------+-------+---------+---------+-------
      Total |      62 |       0 |   0.0 |      28 |       0 |   0.0
            +---------+---------+-------+---------+---------+-------
        D:1 |      41 |       0 |   0.0 |      23 |       0 |   0.0
        D:2 |      21 |       0 |   0.0 |       5 |       0 |   0.0
            +---------+---------+-------+---------+---------+-------
